 Dungeon Crawl Stone Soup version 0.31-a0-836-g3ceb0a68c4 (webtiles) character file.

Game seed: 8333801899693474310

912 javelincjr the Ruffian (level 8, -5/58 HPs)
             Began as a Djinni Shapeshifter on Sept 26, 2023.
             Slain by a black bear (7 damage)
             ... on level 6 of the Dungeon.
             The game lasted 00:16:28 (4195 turns).

javelincjr the Ruffian (Djinni Shapeshifter)        Turns: 4195, Time: 00:16:28

Health: -5/58      AC:  6    Str: 15    XL:     8   Next: 30%
Gold:   199        EV: 14    Int: 12    God:
                   SH:  0    Dex: 13

rFire   + + +        a - +1 sling (drain)
rCold   x . .        (no shield)
rNeg    . . .        e - +0 animal skin
rPois   ∞            (helmet currently unavailable)
rElec   .            (cloak currently unavailable)
rCorr   .            (gloves currently unavailable)
SInv    .            (boots unavailable)
Will    .....        g - amulet of the acrobat
Stlth   +            u - +4 ring of protection
HPRegen 0.29/turn    s - ring of protection from fire
MPRegen 0.00/turn

%: acrobat, infuse magic (-6 HP)
@: beast-form, flying
A: beast (slay +2), flying, sickness immunity, fire resistance 2, cold
vulnerability 1, float, innate caster, HP casting, extra vitality 1
a: Begin Untransformation


You were on level 6 of the Dungeon.
You were a hulking beast.
You visited 1 branch of the dungeon, and saw 6 of its levels.

You collected 199 gold pieces.

Inventory:

Hand Weapons
 a - a +1 sling of draining (weapon)
Missiles
 x - 8 javelins
 B - 4 poisoned darts
Armour
 e - a +0 animal skin (worn)
 C - a +0 cloak
Jewellery
 g - an amulet of the acrobat (around neck)
 o - a ring of ice
 s - a ring of protection from fire (right hand)
 u - a +4 ring of protection (left hand)
 v - a ring of willpower
Talismans
 c - a beast talisman (active)
 d - a flux talisman
 h - a serpent talisman
 w - a blade talisman
Wands
 D - a wand of charming (13)
Scrolls
 i - 3 scrolls of poison {unknown}
 j - a scroll of fog {unknown}
 k - a scroll of enchant weapon {unknown}
 l - 2 scrolls of fear {unknown}
 r - 2 scrolls of teleportation {unknown}
 t - 3 scrolls of revelation
 y - a scroll of enchant armour {unknown}
Potions
 b - 2 potions of lignification
 f - 2 potions of mutation {unknown}
 m - 2 potions of ambrosia
 n - 2 potions of degeneration
 p - 2 potions of resistance
 q - 2 potions of might
 z - a potion of haste
 A - a potion of heal wounds {unknown}
 E - a potion of attraction {unknown}


   Skills:
 + Level 4.2 Fighting
 + Level 5.1 Dodging
 + Level 5.1 Unarmed Combat
 * Level 5.0 Shapeshifting


You knew the following spells:

 Your Spells              Type           Power      Damage    Failure   Level
a - Freeze                Ice            0%         1d3       32%         1
b - Scorch                Fire           0%         2d5       45%         2
c - Momentum Strike       Conj/Tloc      0%         3d8       45%         2
Your spell library was empty.

Dungeon Overview and Level Annotations

Branches:
Dungeon (6/15)
 Temple: D:4-7

Altars:

Portals:
Abyss: D:3

Annotations:
D:3 2 transporters RIFT, subawu's ghost, weakling GnSh
D:4 2 runed translucent doors, Crazy Yiuf; soul19's ghost, amateur DsFi


Innate Abilities, Weirdness & Mutations

You are a hulking beast.
Your limbs bulge with bestial killing power. (Slay +2)
You are flying.
You are immune to sickness and miasma.
You are immune to poison.
Your flesh is very heat resistant. (rF++)
You are vulnerable to cold. (rC-)
You float through the air rather than walking.
You learn spells naturally, not from books.
Your magical power is your life essence.
You have superior vitality. (+4 MHP)


Message History

The black bear claws you.
You shoot a sling bullet.
The sling bullet closely misses the black bear.
The black bear barely misses you. x2
The black bear claws you but does no damage.
You shoot a sling bullet. The sling bullet hits the black bear!
The black bear is heavily wounded.
The black bear misses you.
The black bear claws you but does no damage.
The black bear closely misses you.
The black bear bites you but does no damage.
The black bear claws you. The black bear closely misses you.
You shoot a sling bullet. The sling bullet hits the black bear.
The black bear is severely wounded.
The black bear goes berserk!
You shoot a sling bullet.
The sling bullet barely misses the black bear.
The black bear bites you! The black bear misses you.
The black bear closely misses you. The black bear bites you.
The black bear claws you. The black bear barely misses you.
You are too injured to fight recklessly!
You are too injured to fight recklessly!
You shoot a sling bullet. The sling bullet hits the black bear.
You drain the black bear.
The black bear is almost dead.
The black bear bites you.
* * * LOW HITPOINT WARNING * * *
The black bear claws you.
* * * LOW HITPOINT WARNING * * *
The black bear claws you.
* * * LOW HITPOINT WARNING * * *
The black bear bites you!
* * * LOW HITPOINT WARNING * * *
The black bear misses you.
The black bear claws you but does no damage.
You shoot a sling bullet. The sling bullet hits the black bear.
You drain the black bear.
The black bear is almost dead.
The black bear bites you!
You die...

###.#######
#.........# #....
#.#.#####.# ...h#
#.#.....#.# ....###
#.#...#.#.# .$....
#.#.#.#.#(# ....##
#.#.#...#.# .....
#.#.#####.######.>#
#.#.......##.hh...#
#.#####....#.####.#
#.....'......# #
#######....###
#....# #....#
#....# #...## #...#


You could see a black bear (berserk, drained).

Vanquished Creatures
  Menkaure (D:3)
  A black bear (D:5)
  An ogre (D:5)
  4 scorpions
  A howler monkey (D:4)
  A hound (D:4)
  2 jellies
  A sleepcap (D:5)
  2 iguanas (D:5)
  6 gnolls
  4 adders
  A white imp (D:5)
  5 dart slugs
  3 orcs
  7 endoplasms
  2 giant cockroaches
  4 goblins
  6 hobgoblins
  2 quokkas
  8 ball pythons
  7 bats
  2 frilled lizards (D:2)
  4 kobolds
  3 rats
78 creatures vanquished.

Notes
Turn   | Place    | Note
-------+----------+-------------------------------------------
     0 | D:1      | javelincjr the Djinni Shapeshifter began the quest for the
                  | Orb.
     0 | D:1      | Reached XP level 1. HP: 17/17 MP: 0/0
   244 | D:1      | Reached XP level 2. HP: 22/22 MP: 0/0
   336 | D:1      | Found a faded altar of an unknown god.
   564 | D:2      | Reached XP level 3. HP: 27/27 MP: 0/0
   564 | D:2      | Learned a level 1 spell: Freeze
   820 | D:2      | Reached XP level 4. HP: 32/33 MP: 0/0
  1545 | D:3      | Found a transporter.
  1550 | D:3      | Found a one-way gate to the infinite horrors of the Abyss.
  1550 | D:3      | Noticed subawu's ghost (weakling GnSh)
  1591 | D:3      | Noticed a small abomination
  1603 | D:3      | Found a transporter.
  1615 | D:3      | Noticed a toenail golem
  1616 | D:3      | Found the +8 demon trident "Rift" {distort, reach+}
  1726 | D:3      | Noticed a scorpion
  1732 | D:3      | Killed a scorpion
  1733 | D:3      | Reached XP level 5. HP: 39/39 MP: 0/0
  1733 | D:3      | Learned a level 2 spell: Scorch
  2143 | D:3      | Noticed a small abomination
  2145 | D:3      | Noticed a kobold brigand
  2256 | D:4      | Noticed Menkaure
  2280 | D:3      | Killed Menkaure
  2281 | D:3      | Reached XP level 6. HP: 11/46 MP: 0/0
  2715 | D:4      | Found a runed translucent door.
  2716 | D:4      | Noticed Crazy Yiuf
  2990 | D:4      | Reached XP level 7. HP: 50/50 MP: 0/0
  2990 | D:4      | Learned a level 2 spell: Momentum Strike
  3082 | D:4      | Found a runed translucent door.
  3082 | D:4      | Noticed soul19's ghost (amateur DsFi)
  3393 | D:5      | Entered Level 5 of the Dungeon
  3537 | D:5      | Reached XP level 8. HP: 55/58 MP: 0/0
  3622 | D:5      | Reached skill level 5 in Unarmed Combat
  3717 | D:5      | Reached skill level 5 in Dodging
  3973 | D:5      | Reached skill level 5 in Shapeshifting
  4194 | D:6      | HP: 1/58 [black bear (10)]
  4195 | D:6      | Slain by a black bear

Illustrated notes

Levels and vault maps discovered:
D:1:      psy_arrival_fountain, layout_rooms, shapermc_ecumenical_altar_pompeii
D:2:      layout_loops_ring, nicolae_concentric_dashed_squares_wild,
          moated_statue, minmay_goblin_outpost
D:3:      layout_basic, gammafunk_ghost_abyssal_escape, hangedman_decor_growths
D:4:      layout_loops_ring, gammafunk_ghost_grave, minmay_diced_spiral,
          uniq_crazy_yiuf_cottage, uniq_menkaure
D:5:      layout_basic, serial_bayou, serial_bayou_shore_b, serial_bayou_pond_e,
          serial_bayou_shore_b, serial_bayou_crossing, serial_bayou_shore_a,
          serial_bayou_pond_d, nicolae_titane
D:6:      layout_basic, minmay_temple_entry_overgrown, ebering_ghost_sewer_d,
          uniq_maggie, uniq_edmund, uniq_grinder

Skill      XL: |  1  2  3  4  5  6  7  8 |
---------------+-------------------------+-----
Shapeshifting  | 3 4 5 |  5.0
Fighting       | 2 3 4 |  4.2
Dodging        | 3 4 5 |  5.1
Unarmed Combat | 4 5 |  5.1

Action                     |  1- 3 |  4- 6 |  7- 9 || total
---------------------------+-------+-------+-------++-------
  Melee: Unarmed           |     7 |    44 |    26 ||    77
         Punch             |       |     2 |     1 ||     3
   Fire: Sling             |    65 |    63 |    76 ||   204
    Use: Scroll            |       |     6 |       ||     6
         Potion            |       |     1 |       ||     1
 Armour: Animal skin       |    13 |    43 |    58 ||   114
  Dodge: Dodged            |    16 |    60 |    61 ||   137

Table legend: (Time is in decaauts)
 A = Elapsed time spent in this place.
 B = Non-inter-level travel time spent in this place.
 C = Inter-level travel time spent in this place.
 D = Time resting spent in this place.
 E = Time spent auto-exploring this place.
 F = Levels seen in this place.
 G = Mean time per level.
                   A        B        C        D        E       F      G
               +--------+--------+--------+--------+--------+-----+--------+
         Total |   4247 |   3888 |    359 |      0 |   3126 |   6 |  707.8 |
       Dungeon |   4247 |   3888 |    359 |      0 |   3126 |   6 |  707.8 |
               +--------+--------+--------+--------+--------+-----+--------+

Top non-repeatable levels by time:
     D:3: 1107 daAuts
     D:2: 891 daAuts
     D:4: 845 daAuts
     D:5: 763 daAuts
     D:1: 570 daAuts
     D:6: 68 daAuts
